 Dungeon Crawl Stone Soup version 0.18.1-6-gd335043 (webtiles) character file.

58 seren the Magician (level 3, -1/19 HPs)
             Began as a Deep Elf Wizard on May 18, 2016.
             Slain by a hound (2 damage)
             ... on level 4 of the Dungeon.
             The game lasted 00:10:41 (2164 turns).

seren the Magician (Deep Elf Wizard)                Turns: 2164, Time: 00:10:42

Health: -1/19      AC:  3    Str:  5    XL:     3   Next: 76%
Magic:  6/12       EV: 12    Int: 22    God:
Gold:   125        SH:  0    Dex: 13    Spells: 3 memorised, 8 levels left

rFire  . . .     SeeInvis .     i - +0 dagger
rCold  . . .     Gourm    .     a - +0 robe
rNeg   . . .     Faith    .     (no shield)
rPois  .         Spirit   .     b - +0 hat
rElec  .         Dismiss  .     (no cloak)
rCorr  .         Reflect  .     (no gloves)
SustAt .         Harm     .     o - +0 pair of boots
MR     .....                    (no amulet)
Stlth  ++........               (no ring)
                                (no ring)

@: not resistant to hostile enchantments, unstealthy
A: no striking features
a: no special abilities


You were on level 4 of the Dungeon.
You were not hungry.

You visited 1 branch of the dungeon, and saw 4 of its levels.

You collected 125 gold pieces.

Inventory:

Hand Weapons
 h - a +0 club
 i - a +0 dagger (weapon)
Missiles
 g - 21 stones (quivered)
Armour
 a - a +0 robe (worn)
 b - a +0 hat (worn)
 o - a +0 pair of boots (worn)
Scrolls
 l - a scroll of noise {unknown}
 m - a scroll of blinking {unknown}
 n - a scroll of identify {unknown}
Potions
 e - a potion of degeneration {unknown}
 k - a potion of haste
Books
 c - a book of Minor Magic

   Spells                             Type                      Level
   a - Magic Dart                     Conjuration                  1
   b - Blink                          Translocation                2
   c - Call Imp                       Summoning                    2
   d - Repel Missiles                 Charms/Air                   2
   e - Slow                           Hexes                        2
   f - Conjure Flame                  Conjuration/Fire             3
   g - Mephitic Cloud                 Conjuration/Poison/Air       3
Comestibles
 d - 2 bread rations
 j - a royal jelly


   Skills:
 - Level 2.4 Dodging
 + Level 2.6 Stealth
 + Level 5.6 Spellcasting
 + Level 2.7 Conjurations
   Level 1.1 Summonings
 - Level 1.1 Translocations


You had 8 spell levels left.
You knew the following spells:

 Your Spells              Type           Power        Failure   Level  Hunger
a - Magic Dart            Conj           ###.         3%          1    None
b - Blink                 Tloc           N/A          10%         2    None
r - Repel Missiles        Chrm/Air       #.....       17%         2    None


Dungeon Overview and Level Annotations

Branches:
Dungeon (4/15)
 Temple: D:4-7

Altars:


Message History

Aiming: Magic Dart
Press: ? - help, Shift-Dir - straight line, f/p - hound
Aim: a hound (lightly wounded)
Okay, then.
Drink which item? (? for menu, Esc to quit)
It was a potion of cancellation.
Your magical effects are unravelling.
Your magical contamination has completely faded away.
You feel magically purged.
You feel yourself slow down. The hound closely misses you.
Casting: Magic Dart
Confirm with . or Enter, or press ? or * to list all spells.
Aiming: Magic Dart
Press: ? - help, Shift-Dir - straight line, f/p - hound
Aim: a hound (lightly wounded)
The magic dart hits the hound.
The hound is heavily wounded.
The hound bites you.
You die...

#.# ..)# #.# #..#
#.# #..# #.# #..#
#.# #..#
#.#############).#
#................#
##############...#
####### #.....@#
#.....#
#.#..h.#######.###.#
#..)<..........# #.#
#...#...##########.#
#.......#.........[#
#..#....#.##########
#..##...#.#
#..#....#.#
#..#.#..#.#


You could see a hound.

Vanquished Creatures
  2 adders
  A worm (D:4)
  A dart slug (D:1)
  3 giant geckos
  An orc (D:4)
  A giant cockroach (D:1)
  3 goblins
  3 hobgoblins
  4 kobolds (D:1)
  A quokka (D:2)
  A ball python (D:1)
  5 bats (D:1)
  2 giant newts (D:1)
  5 rats
33 creatures vanquished.

Notes
Turn   | Place    | Note
--------------------------------------------------------------
     0 | D:1      | seren the Deep Elf Wizard began the quest for the Orb.
     0 | D:1      | Reached XP level 1. HP: 10/10 MP: 7/7
   291 | D:1      | Reached XP level 2. HP: 15/15 MP: 6/9
   417 | D:1      | Reached skill level 5 in Spellcasting
   421 | D:1      | Learned a level 2 spell: Blink
   424 | D:1      | Learned a level 2 spell: Repel Missiles
  1124 | D:2      | Reached XP level 3. HP: 9/19 MP: 6/11
  1638 | D:2      | You fall through a shaft for 2 floors!
  1904 | D:4      | Noticed a phantom
  2164 | D:4      | Slain by a hound

Skill      XL: |  1  2 |
---------------+-------+-----
Conjurations   | 2 |  2.7
Spellcasting   | 5 |  5.6
Dodging        | |  2.4
Stealth        | |  2.6
Summonings     | |  1.1
Translocations | |  1.1

Action                   || total
-------------------------++-------
Melee: Dagger            ||     7
 Cast: Magic Dart        ||    85
       Blink             ||     4
  Use: Potion            ||     2
 Stab: Sleeping          ||     1
  Eat: Chunk             ||     4
Armor: Robe              ||     9
Dodge: Dodged            ||    23
